AoeStats
← rafaelarpad

MegaRandom

507954847Analyzed
4v4 RM · 12d ago on Sep 20, 2026· 48m 23s· 8 players
Game mode
Random Map
Map size
Large (8 player)
Population
200
Speed
Normal
Resources
Standard
Victory
Conquest
Starting age
Dark Age
Ending age
Imperial Age
RankedLock teamsTeams togetherTeam positionsShared explorationLock speedFull tech treeHidden civsTurbo modeCheats
Victory
Defeat
🇨🇭 Slavs · Switzerland
1088
+13
🇭🇺 Lithuanians · Hungary
1026
+16
🇷🇴 Georgians · Romania
1018
+16
🇹🇷 Koreans · Türkiye
1016
+16
🇮🇩 Franks · Indonesia
1078
-18
🇨🇳 Khitans · China
1069
-17
🇹🇼 Spanish · Taiwan
968
-13
🇮🇳 Maya · India
958
-13
REALITY
8:56 Loom
11:20 Feudal Age
12:40 Fishing Lines
13:04 Double-Bit Axe
13:11 Gold Mining
15:19 Horse Collar
15:41 Fletching
19:32 Castle Age
19:37 Crossbowman
20:21 Bodkin Arrow
20:33 Thumb Ring
21:49 Stone Mining
24:30 Bow Saw
25:37 Wheelbarrow
24:48 Town Watch
27:36 Stone Shaft Mining
29:33 Ballistics
32:58 Hand Cart
32:43 Town Patrol
37:24 Imperial Age
38:43 Arbalester
39:26 Bracer
40:30 Chemistry
39:35 Siege Engineers
39:59 Heavy Plow
Balint4321
11:03 Feudal Age
11:41 Double-Bit Axe
11:58 Loom
14:10 Horse Collar
16:46 Bloodlines
16:52 Forging
16:51 Scale Barding Armor
22:07 Castle Age
20:35 Forging
20:24 Gold Mining
21:02 Forging
23:33 Bow Saw
26:14 Chain Barding Armor
26:30 Iron Casting
26:26 Husbandry
28:50 Fletching
34:25 Imperial Age
32:31 Wheelbarrow
34:33 Cavalier
36:04 Conscription
35:44 Stone Mining
37:10 Plate Barding Armor
36:31 Bodkin Arrow
36:04 Light Cavalry
45:44 Paladin
ArcherSC
13:44 Feudal Age
18:28 Castle Age
16:27 Fishing Lines
19:56 Scale Barding Armor
20:03 Forging
20:48 Bloodlines
20:41 Double-Bit Axe
20:50 Gold Mining
25:17 Husbandry
27:55 Chain Barding Armor
29:40 Wheelbarrow
40:24 Iron Casting
47:02 Imperial Age
rafaelarpad
5:55 Loom
12:47 Feudal Age
11:18 Loom
13:23 Double-Bit Axe
15:27 Horse Collar
20:10 Castle Age
19:22 Scale Mail Armor
19:34 Fishing Lines
20:48 Pikeman
21:54 Chain Mail Armor
21:40 Gold Mining
23:33 Squires
23:43 Town Watch
24:01 Stone Mining
26:26 Forging
27:37 Wheelbarrow
28:45 Hand Cart
29:46 Bow Saw
31:20 Fletching
31:44 Masonry
34:41 Imperial Age
33:00 Detinets
33:04 Murder Holes
33:38 Caravan
35:57 Iron Casting
36:08 Gold Shaft Mining
36:24 Ballistics
37:40 Plate Mail Armor
38:13 Blast Furnace
38:05 Halberdier
40:14 Scale Barding Armor
40:31 Bloodlines
Lezionare
0:41 Loom
10:12 Feudal Age
16:18 Castle Age
15:05 Double-Bit Axe
15:03 Horse Collar
24:56 Wheelbarrow
24:25 Gold Mining
25:14 Scale Mail Armor
25:13 Pikeman
26:36 Squires
27:37 Bow Saw
31:55 Imperial Age
29:50 Fletching
30:38 Bodkin Arrow
30:44 Padded Archer Armor
30:57 Forging
31:16 Heavy Plow
33:15 Iron Casting
32:43 Bracer
33:35 Hand Cart
34:11 Onager
36:02 Halberdier
37:50 Padded Archer Armor
39:04 Conscription
40:33 Iron Casting
40:13 Chain Mail Armor
41:12 Ballistics
41:52 Chemistry
42:33 Blast Furnace
42:45 Leather Archer Armor
43:01 Plate Mail Armor
43:39 Elite Plumed Archer
s520s
11:13 Feudal Age
9:30 Loom
12:04 Double-Bit Axe
16:01 Bloodlines
17:31 Horse Collar
23:22 Castle Age
26:07 Husbandry
27:23 Forging
TempYuraa
11:24 Feudal Age
12:11 Double-Bit Axe
15:07 Castle Age
14:38 Fishing Lines
15:58 Bow Saw
18:55 Forging
18:38 Loom
20:48 Gillnets
23:07 Scale Barding Armor
26:14 Wheelbarrow
27:31 Iron Casting
27:23 Gold Mining
29:25 Hand Cart
31:32 Husbandry
32:12 Chain Barding Armor
32:11 Stone Mining
32:56 Gold Shaft Mining
35:37 Imperial Age
37:41 Imperial Age
Oliver
11:06 Feudal Age
11:51 Fishing Lines
12:17 Double-Bit Axe
17:17 Wheelbarrow
19:31 Castle Age
18:38 Gold Mining
18:35 Domestication
19:09 Forging
19:06 Scale Barding Armor
19:47 Loom
19:48 Town Watch
21:19 Stone Mining
23:23 Bow Saw
23:10 Gillnets
24:18 Stone Shaft Mining
24:27 Town Patrol
25:28 Pastoralism
29:41 Iron Casting
30:51 Chain Barding Armor
34:24 Imperial Age
32:28 Husbandry
34:34 Elite Steppe Lancer
36:51 Plate Barding Armor
Connection lost

Rejoining the realm…

Still unreachable

The connection could not be restored.

Session expired

The server has moved on; the page needs a fresh start.